 Dungeon Crawl Stone Soup version 0.28-a0-305-g9e858e973b (webtiles) character file.

Game seed: 10672161488256375367

13 dolemite99 the Skirmisher (level 2, 0/26 HPs)
             Began as a Draconian Cinder Acolyte on Aug 29, 2021.
             Was a High Priest of Ignis.
             Succumbed to an adder's poison
             ... on level 2 of the Dungeon.
             The game lasted 00:01:13 (1397 turns).

dolemite99 the Skirmisher (DrCA)                    Turns: 1397, Time: 00:01:13

Health: 0/26       AC:  4    Str: 17    XL:     2   Next: 24%
Magic:  1/3        EV: 11    Int: 13    God:    Ignis [*****.]
Gold:   15         SH:  0    Dex:  6    Spells: 2/3 levels left

rFire   + . .      SeeInvis .   a - -1 spear (flame)
rCold   . . .      Faith    .   (no shield)
rNeg    . . .      Spirit   .   (armour unavailable)
rPois   .          Reflect  .   (helmet restricted)
rElec   .          Harm     .   (no cloak)
rCorr   .          Rampage  .   (no gloves)
Will    .....                   (no boots)
Stlth   +.........              (no amulet)
HPRegen 0.08/turn               (no ring)
MPRegen 0.08/turn               (no ring)

@: lethally poisoned (0 -> -7)
A: AC +4, unfitting armour, cold-blooded
a: Renounce Religion, Sea of Fire, Foxfire Swarm, Rising Flame


You were on level 2 of the Dungeon.
You worshipped Ignis.
Ignis was extremely pleased with you.
You visited 1 branch of the dungeon, and saw 2 of its levels.

You collected 15 gold pieces.

Inventory:

Hand Weapons
 a - a -1 spear of flaming (weapon)
Missiles
 d - 6 javelins
 e - 4 curare-tipped darts
 i - 10 bolts
Jewellery
 f - a ring of protection from fire
Scrolls
 h - a scroll of identify {unknown}
Potions
 b - a potion of magic {unknown}
 c - 2 potions of haste {unknown}
 g - a potion of attraction {unknown}


   Skills:
 - Level 3.2 Fighting
 - Level 3.0 Polearms
 - Level 1.0 Spellcasting
 + Level 0.4 Conjurations
 - Level 2.2 Fire Magic


You had 2 spell levels left.
You knew the following spells:

 Your Spells              Type           Power      Damage    Failure   Level
a - Foxfire               Conj/Fire      16%        2x1d4     17%         1

Your spell library contained the following spells:

 Spells                   Type           Power      Damage    Failure   Level


Dungeon Overview and Level Annotations

Branches:
Dungeon (2/15)

Altars:


Innate Abilities, Weirdness & Mutations

Your plain brown scales are hard. (AC +4)
You cannot fit into any form of body armour.
You are cold-blooded and may be slowed by cold attacks.


Message History

The adder bites you.
You are poisoned.
The adder poisons you!
You barely miss the adder.
The adder is moderately wounded.
You feel sick. The adder closely misses you.
You hit the adder. You burn the adder.
The adder is heavily wounded.
You feel sick. The adder barely misses you. The adder misses you.
You miss the adder.
The adder is heavily wounded.
You feel sick. The adder bites you.
Casting: Foxfire (safe; 17% risk of failure)
Confirm with . or Enter, or press ? or * to list all spells.
You don't have enough magic to cast this spell.
You miss the adder.
Your tail-slap misses the adder.
The adder is heavily wounded.
You feel sick. The adder bites you but does no damage.
You closely miss the adder.
The adder is heavily wounded.
You feel sick. The adder closely misses you. The adder bites you.
You are more poisoned.
The adder poisons you!
You miss the adder.
The adder is heavily wounded.
You feel sick. The adder bites you but does no damage.
You hit the adder. You burn the adder.
The adder is almost dead.
You feel sick. The adder bites you.
* * * LOW HITPOINT WARNING * * *
You are lethally poisoned!
The adder poisons you!
You completely miss the adder.
The adder is almost dead.
* * * LOW HITPOINT WARNING * * *
You feel sick. The adder bites you.
* * * LOW HITPOINT WARNING * * *
You closely miss the adder.
The adder is almost dead.
You die...

#############
##.####............
#................##
#..................
#.................#
#.................#
#.................#
#.............#
#......S@.....#
#.............#
#.............###
###.####.###.....#
...........#.....#
###.####.#.......#
##.####.##......#
................+
.....#####......#


You could see an adder.

Vanquished Creatures
  2 endoplasms (D:1)
  2 hobgoblins
  2 ball pythons
  2 bats
  A kobold (D:1)
  5 rats
14 creatures vanquished.

Vanquished Creatures (others)
  29 foxfires
29 creatures vanquished.

Grand Total: 43 creatures vanquished

Notes
Turn   | Place    | Note
-------+----------+-------------------------------------------
     0 | D:1      | dolemite99 the Draconian Cinder Acolyte began the quest for
                  | the Orb.
     0 | D:1      | Reached XP level 1. HP: 19/19 MP: 2/2
   744 | D:1      | Reached XP level 2. HP: 26/26 MP: 1/3
  1396 | D:2      | HP: 1/26 [adder (2)]
  1397 | D:2      | Succumbed to an adder's poison

Illustrated notes

Levels and vault maps discovered:
D:1:      heliophobic_arrival_enchanted_forest, layout_rooms, st_stairs_1,
          serial_bayou_lagoon_a
D:2:      layout_basic, grunt_ministairs_15, kennysheep_jessica_study,
          uniq_natasha

Skill      XL: |  1 |
---------------+----+-----
Fire Magic     | 2 |  2.2
Fighting       | |  3.2
Polearms       | |  3.0
Spellcasting   | |  1.0
Conjurations   | |  0.4

Action                   || total
-------------------------++-------
Melee: Spear             ||    24
       Tailslap          ||     2
 Cast: Foxfire           ||    17
Armor: Skin              ||    13
Dodge: Dodged            ||    32

Table legend: (Time is in decaauts)
 A = Elapsed time spent in this place.
 B = Non-inter-level travel time spent in this place.
 C = Inter-level travel time spent in this place.
 D = Time resting spent in this place.
 E = Time spent auto-exploring this place.
 F = Levels seen in this place.
 G = Mean time per level.
                   A        B        C        D        E       F      G
               +--------+--------+--------+--------+--------+-----+--------+
         Total |   1404 |   1385 |     19 |    630 |    570 |   2 |  702.0 |
       Dungeon |   1404 |   1385 |     19 |    630 |    570 |   2 |  702.0 |
               +--------+--------+--------+--------+--------+-----+--------+

Top non-repeatable levels by time:
     D:1: 921 daAuts
     D:2: 483 daAuts
